 Dungeon Crawl Stone Soup version 0.30-a0-297-g0ec75d9ef4 (webtiles) character file.

Game seed: 7445784541947883653

8236 MrRokkomies the Covert (level 11, -4/83 (98) HPs)
             Began as an Armataur Delver on Oct 18, 2022.
             Was a Follower of Uskayaw.
             Shot with a sling bullet by Joseph (6 damage)
             ... while petrified by a basilisk
             ... on level 9 of the Dungeon.
             The game lasted 00:32:51 (7684 turns).

MrRokkomies the Covert (Armataur Delver)            Turns: 7684, Time: 00:32:52

HP:   -4/83 (98)    AC: 13    Str: 29    XL:     11   Next: 7%
MP:   15/15         EV:  1    Int: 11    God:    Uskayaw [*.....]
Gold: 454           SH:  0    Dex: 15    Spells: 10/10 levels left

rFire   . . .      SeeInvis .    b - +1 dagger (elec)
rCold   . . .      Faith    .    (no shield)
rNeg    + + +      Spirit   .    v - +1 robe of the Teaching Gods {+Inv Str+5}
rPois   ∞          Reflect  .    (no helmet)
rElec   .          Harm     .    r - +1 cloak
rCorr   .          Roll     +    z - +0 pair of gloves
Will    .....                    P - +0 barding
Stlth   ++++......               u - amulet of regeneration
HPRegen 1.13/turn                E - +6 ring of strength
MPRegen 0.14/turn                (no ring)

@: petrified, heavily drained
A: large, rugged brown scales 3, deformed body, armoured tail, roll, long
tongue, awkward tongue
a: Renounce Religion, Evoke Invisibility, Stomp


You were on level 9 of the Dungeon.
You worshipped Uskayaw.
Uskayaw was noncommittal.
You visited 2 branches of the dungeon, and saw 10 of its levels.

You collected 454 gold pieces.

Inventory:

Hand Weapons
 a - a +1 dagger of venom
 b - a +1 dagger of electrocution (weapon)
 f - a +1 vorpal falchion
 i - a +0 trident
 s - a +0 mace
 F - a +1 rapier of flaming
 Q - a +5 scimitar
Missiles
 q - 4 curare-tipped darts
 w - 4 javelins
 H - 10 poisoned darts (quivered)
 L - 6 boomerangs
Armour
 k - a +0 scale mail
 o - the +1 robe of Peek-a-Boo {Dex+4}
   (You found it on level 3 of the Dungeon)

   Dex:       It affects your dexterity (+4).
 r - a +1 cloak (worn)
 v - the +1 robe of the Teaching Gods (worn) {+Inv Str+5}
   (You found it on level 2 of the Dungeon)

   Str:       It affects your strength (+5).
   +Inv:      It lets you turn invisible.
 z - a +0 pair of gloves (worn)
 D - a +0 leather armour
 P - a +0 barding (worn)
Jewellery
 u - an amulet of regeneration (around neck)
 E - a +6 ring of strength (left hand)
 G - an amulet of reflection
Wands
 g - a wand of digging (3)
 y - a wand of flame (9)
 C - a wand of iceblast (16)
 O - a wand of charming (8)
Scrolls
 c - a scroll of fog
 d - 2 scrolls of butterflies
 h - 4 scrolls of amnesia
 j - 5 scrolls of identify
 n - 2 scrolls of teleportation
 B - 2 scrolls of magic mapping
 I - 3 scrolls of poison
Potions
 e - a potion of magic
 l - a potion of attraction
 m - a potion of lignification
 p - 2 potions of cancellation
 x - a potion of flight
 A - 2 potions of ambrosia
 J - a potion of resistance
 K - 2 potions of brilliance
 M - a potion of degeneration
 N - a potion of haste


   Skills:
 + Level 7.0 Fighting
 * Level 7.8 Short Blades
 - Level 1.7 Maces & Flails
 - Level 3.6 Armour
 - Level 2.1 Dodging
 + Level 9.2 Stealth
 + Level 6.4 Invocations
 * Level 8.6 Evocations


You had 10 spell levels left.
You didn't know any spells.
Your spell library contained the following spells:

 Spells                   Type           Power      Damage    Failure   Level
 Dazzling Flash           Conj/Hex       0%         N/A       71%         3
 Agony                    Necr           0%         N/A       100%        5
 Silence                  Hex/Air        0%         N/A       100%        5
 Summon Forest            Summ/Tloc      0%         N/A       100%        5
 Eringya's Noxious Bog    Tmut/Pois      0%         N/A       100%        6
 Summon Hydra             Summ           0%         N/A       100%        7


Dungeon Overview and Level Annotations

Branches:
Dungeon (9/15)             Temple (1/1) D:4
   Lair: D:8-11         Orc: D:9-12

Altars:
Ashenzari
Dithmenos
Elyvilon
Fedhas
Gozag
Hepliaklqana
Kikubaaqudgha
Makhleb
Nemelex Xobeh
Okawaru
Qazlal
Ru
Sif Muna
Trog
Uskayaw
Vehumet
Wu Jian
Xom
Yredelemnul
Zin
The Shining One

Shops:
D:4 [   D:9 =

Annotations:
D:9 Joseph
Temple 2 transporters


Innate Abilities, Weirdness & Mutations

You are completely covered in rugged brown scales. (AC +3, +7% HP)
Armour fits poorly on your strangely shaped body.
You have a long armoured tail.
You roll when moving toward enemies. (Rampage)
Your long tongue fully drains potion bottles. (2x potion effects)
Your tongue gives you trouble enunciating. (1.5x scroll delay)


Message History

The sling bullet hits you but does no damage.
The wyvern bites you! The wolf bites you but does no damage.
Joseph smiles happily.
Joseph shoots a sling bullet.
The sling bullet hits you! The wyvern bites you!
The wolf bites you but does no damage. The basilisk bites you.
The wolf bites you but does no damage.
The wyvern bites you but does no damage.
Joseph shoots a sling bullet.
The sling bullet hits you but does no damage.
The wolf bites you! The wyvern bites you! The basilisk bites you!
The wolf bites you.
* * * LOW HITPOINT WARNING * * *
Joseph shoots a sling bullet.
The sling bullet hits you!
* * * LOW HITPOINT WARNING * * *
The wyvern bites you!
* * * LOW HITPOINT WARNING * * *
The wolf bites you but does no damage. The basilisk bites you.
* * * LOW HITPOINT WARNING * * *
The wyvern completely misses you.
Joseph shoots a sling bullet.
The sling bullet hits you!
* * * LOW HITPOINT WARNING * * *
The wolf bites you.
* * * LOW HITPOINT WARNING * * *
The wyvern bites you but does no damage.
The basilisk gazes at you. You resist with some effort.
The wolf bites you but does no damage.
Joseph shoots a sling bullet.
The sling bullet hits you.
* * * LOW HITPOINT WARNING * * *
The wyvern bites you.
* * * LOW HITPOINT WARNING * * *
The wolf bites you but does no damage.
The basilisk bites you but does no damage.
The wyvern bites you!
* * * LOW HITPOINT WARNING * * *
The wolf bites you.
* * * LOW HITPOINT WARNING * * *
Joseph shoots a sling bullet.
The sling bullet hits you!
You die...

............................
....(.....[.?...............
....<.(...........S..>......
.......(....................
...l..@(....................
.....>..(/..................
........(..†................
....../...(.l...)...........
..[.......l@h...)...........
...........)....).....##.)##
.........)............#.....
#######.......########......
#.......# #...... #.......#
##...>. #.......# #.....
#.......# ...... #.......#
#......


You could see Joseph, a basilisk, a water moccasin (wandering), a wyvern and a
wolf.

Vanquished Creatures
  A two-headed ogre (D:8)
  A boulder beetle (D:7)
  Pikel (D:4)
  An ugly thing (D:7)
  A kobold demonologist (D:8)
  Prince Ribbit (D:9)
  A hornet (D:8)
  Sigmund (D:3)
  2 shadows
  A wraith (D:9)
  2 vampires (D:7)
  A basilisk (D:9)
  A wyvern (D:9)
  Eustachio (D:6)
  2 steam dragons
  3 water moccasins
  An acid dragon (D:7)
  2 orc warriors
  2 sky beasts (D:7)
  2 ice beasts
  3 black bears (D:8)
  An ogre (D:7)
  6 centaurs
  A wolf (D:9)
  A lemure (D:4)
  6 kobold brigands
  4 phantoms
  A bullfrog (D:7)
  2 necrophages
  2 scorpions
  4 wights (D:8)
  2 howler monkeys
  2 killer bees (D:9)
  An orc priest (D:7)
  8 hounds
  2 iguanas
  Crazy Yiuf (D:6)
  Jessica (D:3)
  Terence (D:3)
  Natasha (thrice) (D:3)
  5 orc wizards
  3 adders
  3 worms
  3 dart slugs
  22 orcs
  8 ball pythons
  7 bats
  7 endoplasms
  3 giant cockroaches
  7 goblins
  6 hobgoblins
  4 jackals (D:4)
  2 quokkas
  3 frilled lizards
  22 kobolds
  8 rats
193 creatures vanquished.

Vanquished Creatures (others)
  A kobold (D:8)
  2 fungi (D:9)
  30 plants
33 creatures vanquished.

Grand Total: 226 creatures vanquished

Notes
Turn   | Place    | Note
-------+----------+-------------------------------------------
     0 | D:5      | MrRokkomies the Armataur Delver began the quest for the
                  | Orb.
     0 | D:5      | Reached XP level 1. HP: 19/19 MP: 1/1
   121 | D:4      | Found a staircase to the Ecumenical Temple.
   130 | Temple   | Entered the Ecumenical Temple
   130 | Temple   | Found a transporter.
   130 | Temple   | Found a transporter.
   136 | Temple   | Found a transporter.
   136 | Temple   | Found a transporter.
   148 | Temple   | Became a worshipper of Uskayaw the Reveller
   175 | D:4      | Reached * piety under Uskayaw
   260 | D:4      | Reached ** piety under Uskayaw
   261 | D:4      | Reached skill level 1 in Armour
   262 | D:4      | Reached *** piety under Uskayaw
   275 | D:4      | Reached XP level 2. HP: 5/26 MP: 2/2
   445 | D:4      | Found an ancient bone altar of Kikubaaqudgha.
   447 | D:4      | Found an iron altar of Okawaru.
   447 | D:4      | Found a shimmering altar of Xom.
   478 | D:4      | Reached XP level 3. HP: 31/33 MP: 3/3
   591 | D:4      | Noticed Pikel
   591 | D:4      | Noticed a lemure
   597 | D:4      | Noticed a lemure
   597 | D:4      | Noticed a lemure
   598 | D:4      | Noticed a lemure
   742 | D:3      | Noticed Sigmund
   782 | D:3      | Noticed Natasha
   792 | D:3      | Killed Natasha
   793 | D:3      | Reached skill level 1 in Invocations
   793 | D:3      | Reached XP level 4. HP: 32/40 MP: 4/4
   931 | D:3      | Identified the +1 robe of Peek-a-Boo {Dex+4}
   947 | D:3      | Noticed Natasha
   953 | D:3      | Killed Natasha
  1027 | D:3      | Noticed Natasha
  1038 | D:3      | Killed Natasha
  1090 | D:3      | Noticed Jessica
  1096 | D:3      | Killed Jessica
  1097 | D:3      | Reached XP level 5. HP: 44/49 MP: 6/6
  1729 | D:2      | Identified the +1 robe of the Teaching Gods {+Inv Str+5}
  1742 | D:2      | Found a shimmering altar of Xom.
  2693 | D:3      | Noticed Terence
  2700 | D:3      | Killed Terence
  2701 | D:3      | Reached XP level 6. HP: 52/55 MP: 7/7
  2787 | D:3      | Killed Sigmund
  2788 | D:3      | Reached skill level 1 in Short Blades
  2788 | D:3      | Reached skill level 1 in Evocations
  2847 | D:4      | Found Jucotz's Armour Shop.
  2995 | D:4      | Killed Pikel
  2996 | D:4      | Reached skill level 6 in Stealth
  2996 | D:4      | Reached XP level 7. HP: 58/64 MP: 7/9
  3144 | D:4      | Found a sacrificial altar of Ru.
  3413 | D:5      | Reached XP level 8. HP: 35/71 MP: 10/10
  3416 | D:5      | Reached **** piety under Uskayaw
  3601 | D:5      | Reached skill level 5 in Fighting
  4396 | D:6      | Reached skill level 7 in Stealth
  4419 | D:6      | Found a runed translucent door.
  4420 | D:6      | Noticed Crazy Yiuf
  4425 | D:6      | Killed Crazy Yiuf
  4535 | D:6      | Noticed Eustachio
  4560 | D:6      | Killed Eustachio
  4561 | D:6      | Reached skill level 5 in Evocations
  4642 | D:6      | Reached XP level 9. HP: 79/79 MP: 12/12
  4924 | D:6      | Found an ornate altar of the Wu Jian Council.
  5016 | D:7      | Reached skill level 5 in Short Blades
  5055 | D:7      | Noticed a boulder beetle
  5083 | D:7      | Killed a boulder beetle
  5086 | D:7      | Reached skill level 5 in Invocations
  5110 | D:7      | Reached ***** piety under Uskayaw
  5156 | D:7      | Reached skill level 8 in Stealth
  5284 | D:7      | Noticed a purple ugly thing
  5372 | D:7      | Killed a purple ugly thing
  5373 | D:7      | Reached XP level 10. HP: 81/88 MP: 12/14
  6029 | D:8      | Noticed a two-headed ogre
  6032 | D:8      | Paralysed by a hornet for 1 turns
  6442 | D:8      | Noticed a sun demon
  6717 | D:8      | Noticed an orange demon
  6764 | D:8      | Killed a two-headed ogre
  6915 | D:9      | Found Pisefuxt's Jewellery Shop.
  6990 | D:9      | Noticed Prince Ribbit
  7029 | D:9      | Killed Prince Ribbit
  7030 | D:9      | Reached skill level 9 in Stealth
  7206 | D:9      | Noticed Joseph
  7244 | D:8      | Reached XP level 11. HP: 20/88 MP: 15/15
  7684 | D:9      | HP: 2/83 [wolf (3)]
  7684 | D:9      | Shot with a sling bullet by Joseph

Illustrated notes

Levels and vault maps discovered:
D:1:      minmay_arrival_semitransparent, layout_rooms, minmay_misc_feat_square
D:2:      layout_basic, basic_altar
D:3:      layout_rooms, serial_curves, eino_curves_01, eino_curves_03,
          eino_curves_02, uniq_terence, uniq_jessica, uniq_sigmund, uniq_natasha
D:4:      layout_basic, chequers_temple_overflow_statue_of_worship,
          nicolae_ru_the_path_less_chosen, minmay_temple_entry_gardened_gates,
          serial_shops, nicolae_shop_trees, serial_glass, glass_columns_a,
          glass_columns_a, glass_columns_a, glass_columns_b, glass_columns_b,
          glass_columns_c, glass_columns_c, glass_columns_b, st_stairs_13,
          corexii_hall_statues_x, nrook_uturn, uniq_pikel
D:5:      layout_loops_corners, columned_hall_lemuel
D:6:      layout_rooms, mainiacjoe_overflow_24_doors, uniq_crazy_yiuf_cottage,
          uniq_eustachio
D:7:      layout_basic, minmay_shattered_shrine
D:8:      layout_basic, serial_glass, glass_columns_a, glass_columns_b,
          glass_columns_a, glass_columns_c
D:9:      layout_cross, minmay_lair_entry_grove, serial_shops,
          nicolae_shop_waterfront, st_stairs_5, worms_lemuel,
          uniq_prince_ribbit1, uniq_joseph, uniq_erica
Temple:   hellmonk_temple_divided_pantheon

Skill      XL: |  1  2  3  4  5  6  7  8  9 10 |
---------------+-------------------------------+-----
Armour         | 1 2 3 |  3.6
Fighting       | 3 4 5 6 7 |  7.0
Invocations    | 1 2 3 4 5 6 |  6.4
Dodging        | 2 |  2.1
Short Blades   | 3 4 6 7 |  7.8
Evocations     | 3 5 6 8 |  8.6
Stealth        | 6 7 8 9 |  9.2
Maces & Flails | |  1.7

Action                   |  1- 3 |  4- 6 |  7- 9 | 10-12 || total
-------------------------+-------+-------+-------+-------++-------
Melee: Mace              |    32 |       |       |       ||    32
       Tailslap          |     3 |    20 |    46 |    39 ||   108
       Trident           |    10 |       |       |       ||    10
       Falchion          |     8 |    48 |       |       ||    56
       Punch             |       |     1 |     5 |     2 ||     8
       Dagger            |       |   165 |   295 |   273 ||   733
Throw: Dart              |       |       |       |    14 ||    14
Invok: Stomp             |       |       |     1 |     5 ||     6
 Abil: Evoke Invisibilit |       |       |     2 |       ||     2
Evoke: Wand              |       |       |       |     2 ||     2
  Use: Scroll            |     2 |    17 |     5 |     6 ||    30
       Potion            |     1 |     3 |     4 |     4 ||    12
 Stab: Paralysed         |     1 |       |     8 |    11 ||    20
       Sleeping          |     4 |     6 |     6 |     1 ||    17
       Distracted        |       |     2 |     2 |       ||     4
       Invisible         |       |     2 |     9 |       ||    11
Armor: Leather armour    |    27 |       |       |       ||    27
       Scale mail        |     3 |    54 |       |       ||    57
       Robe              |       |    30 |    85 |   184 ||   299
       Skin              |       |       |       |    48 ||    48
Dodge: Dodged            |    30 |   109 |   122 |   138 ||   399

Table legend: (Time is in decaauts)
 A = Elapsed time spent in this place.
 B = Non-inter-level travel time spent in this place.
 C = Inter-level travel time spent in this place.
 D = Time resting spent in this place.
 E = Time spent auto-exploring this place.
 F = Levels seen in this place.
 G = Mean time per level.
                   A        B        C        D        E       F      G
               +--------+--------+--------+--------+--------+-----+--------+
         Total |   7545 |   7251 |    294 |    967 |   4378 |  10 |  754.5 |
       Dungeon |   7331 |   7045 |    286 |    795 |   4373 |   9 |  814.6 |
        Temple |    214 |    206 |      8 |    172 |      5 |   1 |  214.0 |
               +--------+--------+--------+--------+--------+-----+--------+

Top non-repeatable levels by time:
     D:8: 1497 daAuts
     D:5: 998 daAuts
     D:4: 892 daAuts
     D:3: 836 daAuts
     D:7: 805 daAuts
     D:2: 790 daAuts
     D:6: 669 daAuts
     D:1: 562 daAuts
     D:9: 276 daAuts
  Temple: 214 daAuts
